Get step-by-step instructions on how to execute this build order below. Start the game timer, and the build order will tick by so you can play in parallel with StarCraft on a second screen or mobile device.

Game Time

  0:00

Last Step

  N/A

Next Step

Upcoming Step



Don't want to look back and forth between 2 screens? Try out our Overwolf App, the Spawning Tool Build Advisor to get an in-game overlay with this build!

Complete Build Order

  12  0:00  Drone  
  13  0:11  Overlord  
  13  0:16  Drone  
  14  0:29  Drone  
  14  0:30  Drone  
  16  0:48  Hatchery  
  15  0:52  Drone  
  15  0:55  Drone  
  17  0:58  Drone  
  18  1:09  Extractor  
  17  1:14  Spawning Pool  
  17  1:18  Drone  
  17  1:21  Drone  
  18  1:27  Drone  
  19  1:38  Drone  
  20  1:48  Overlord  
  20  2:01  Drone x2, Queen x2  
  26  2:10  Zergling x2  
  26  2:11  Zergling x2  
  28  2:20  Drone  
  28  2:21  Drone  
  30  2:24  Metabolic Boost  
  30  2:32  Drone x2  
  32  2:44  Hatchery  
  32  2:46  Queen  
  32  2:51  Overlord  
  33  2:53  Zergling x2  
  33  2:55  Drone  
  33  2:57  Drone  
  36  3:08  Queen  
  36  3:09  Drone  
  36  3:10  Drone x2  
  41  3:13  Overlord  
  41  3:18  Drone x2  
  43  3:20  Drone  
  43  3:27  Drone  
  44  3:28  Overlord  
  44  3:32  Queen  
  46  3:36  Drone  
  46  3:39  Drone  
  48  3:45  Queen  
  50  3:49  Zergling x2  
  50  3:50  Zergling x2  
  52  3:59  Drone x4  
  52  4:00  Drone  
  52  4:02  Drone  
  53  4:05  Spore Crawler  
  53  4:07  Drone  
  53  4:08  Queen  
  55  4:11  Drone  
  55  4:13  Drone  
  55  4:16  Drone  
  59  4:17  Drone  
  59  4:18  Drone  
  59  4:21  Spore Crawler  
  59  4:23  Drone x2  
  61  4:26  Spore Crawler  
  61  4:30  Drone x2  
  61  4:31  Drone  
  63  4:34  Overlord  
  63  4:35  Drone  
  63  4:37  Drone  
  65  4:42  Drone  
  65  4:45  Overlord  
  65  4:53  Drone x4  
  65  4:54  Drone x2, Evolution Chamber  
  70  5:02  Overlord  
  70  5:03  Drone  
  71  5:08  Hatchery  
  71  5:10  Zergling x8  
  71  5:11  Extractor  
  71  5:13  Zergling x2  
  74  5:17  Zergling x12  
  74  5:20  Overlord  
  80  5:23  Zerg Melee Weapons Level 1, Zergling x2  
  80  5:24  Zergling x2  
  80  5:27  Overlord  
  82  5:30  Lair  
  82  5:36  Overlord  
  82  5:39  Zergling x8  
  86  5:46  Zergling x8  
  90  5:51  Zergling x8  
  90  5:56  Zergling x6  
  97  6:02  Zergling x2  
  98  6:04  Overlord  
  98  6:07  Zergling x2  
  99  6:13  Zergling x10  
  105  6:18  Drone  
  105  6:20  Drone  
  105  6:23  Drone x3  
  105  6:24  Drone  
  110  6:26  Drone  
  110  6:29  Drone  
  110  6:30  Drone x3  
  110  6:32  Drone, Extractor  
  116  6:33  Infestation Pit, Drone  
  116  6:37  Drone  
  116  6:40  Overlord  
  116  6:41  Drone x3  
  116  6:42  Drone, Overseer  
  116  6:47  Drone x2  
  119  6:48  Hatchery  
  119  6:50  Drone x2, Overlord  
  119  6:53  Drone, Spore Crawler  
  120  6:57  Overlord  
  120  6:58  Drone x2  
  120  6:59  Drone x3  
  125  7:06  Drone x3  
  125  7:08  Overlord  
  126  7:10  Drone  
  126  7:11  Hive  
  123  7:18  Zerg Melee Weapons Level 2  
  123  7:20  Zergling x22  
  133  7:24  Zergling x2, Extractor  
  133  7:25  Extractor  
  133  7:26  Drone x3, Baneling Nest  
  133  7:27  Hydralisk Den  
  133  7:29  Zergling x2  
  134  7:31  Drone  
  134  7:32  Drone x2  
  137  7:40  Drone, Overlord  
  137  7:41  Drone x2  
  137  7:42  Drone  
  141  7:44  Extractor  
  141  7:45  Drone x3  
  141  7:46  Drone x2, Extractor  
  141  7:47  Drone, Hatchery  
  141  7:48  Drone x2  
  145  7:59  Zergling x14  
  145  8:03  Zergling x2  
  145  8:09  Zergling x10  
  148  8:14  Centrifugal Hooks  
  148  8:15  Drone x2  
  148  8:18  Lurker Den  
  148  8:21  Lurker Den  
  148  8:22  Drone x3  
  148  8:24  Adrenal Glands  
  150  8:27  Drone x3  
  150  8:28  Drone x3  
  150  8:29  Extractor, Drone x3  
  150  8:32  Zergling x2  
  159  8:36  Drone x4  
  159  8:39  Zergling x4  
  159  8:40  Overlord  
  163  8:42  Drone x3  
  163  8:43  Overlord  
  163  8:47  Zergling x8  
  165  8:48  Zergling x2  
  165  8:50  Overlord  
  165  8:51  Zergling x4  
  165  8:52  Zergling x2  
  165  8:53  Zergling x2  
  165  8:55  Zergling x2  
  155  9:00  Hydralisk x3  
  150  9:03  Hydralisk x2  
  150  9:08  Hydralisk x2  
  158  9:10  Zergling x2, Spore Crawler  
  158  9:11  Zergling x8  
  158  9:15  Seismic Spines  
  162  9:19  Zergling x16  
  162  9:21  Adaptive Talons  
  162  9:22  Zergling x6  
  173  9:24  Zergling x2  
  173  9:26  Lurker x3  
  173  9:27  Hydralisk  
  173  9:30  Zergling x2  
  180  9:32  Lurker x4  
  180  9:34  Zergling x14  
  190  9:39  Overlord  
  190  9:41  Zergling x10  
  195  9:47  Baneling x7  
  195  9:49  Overlord  
  195  9:55  Lurker  
  195  9:56  Hydralisk x2  
  194  10:01  Zergling x10  
  194  10:04  Spine Crawler  
  194  10:05  Spine Crawler x2  
  196  10:10  Zergling x6  
  199  10:24  Zerg Melee Weapons Level 3  
  199  10:27  Evolution Chamber  
  196  10:35  Lurker x2  
  170  10:50  Zergling x64  
  170  10:51  Zergling x4  
  170  10:52  Zergling x6  
  170  10:56  Hydralisk x2  
  188  11:00  Zergling x4  
  188  11:01  Zergling x2, Queen  
  188  11:02  Zerg Missile Weapons Level 1, Queen  
  188  11:03  Zergling x4  
  188  11:04  Zergling x4, Spire  
  198  11:10  Zergling x4  
  199  11:17  Zergling x6  
  196  11:20  Zergling x2  
  196  11:21  Zergling x14  
  196  11:22  Hydralisk  
  196  11:23  Hydralisk  
  181  11:26  Zergling x2, Hydralisk x2  
  181  11:28  Zergling x2  
  177  11:32  Hydralisk  
  177  11:33  Zergling x10  
  177  11:37  Hydralisk x3  
  177  11:38  Zergling x2, Queen  
  185  11:40  Hydralisk  
  185  11:43  Lurker x2  
  185  11:44  Zergling x6, Hydralisk  
  179  11:48  Hydralisk  
  179  11:51  Hydralisk x2  
  179  11:52  Zergling x4  
  179  11:53  Lurker x2  
  180  11:55  Hydralisk  
  180  11:56  Zergling x6  
  180  11:58  Zergling x8  
  189  12:01  Hydralisk  
  189  12:02  Lurker x3  
  189  12:03  Lurker, Baneling x7  
  189  12:04  Baneling x20  
  189  12:06  Zergling x8  
  199  12:12  Zergling x6  
  197  12:20  Zergling x6  
  198  12:40  Zergling x26  
  194  12:48  Zergling x16, Hydralisk  
  194  12:49  Zergling x6  
  194  12:51  Lurker x5  
  194  12:54  Zergling x4  
  197  13:05  Zergling x2  
  197  13:06  Zergling x4  
  197  13:07  Zerg Flyer Weapons Level 1  
  194  13:20  Zergling x12  
  194  13:25  Hydralisk  
  194  13:26  Zergling x24  
  193  13:27  Extractor  
  193  13:29  Hydralisk  
  193  13:31  Zergling x4, Extractor  
  193  13:32  Hydralisk  
  179  13:36  Zergling x4  
  179  13:37  Zergling x4  
  179  13:38  Lurker  
  182  13:41  Hydralisk  
  182  13:42  Zergling x10  
  182  13:44  Zerg Missile Weapons Level 2  
  182  13:47  Queen  
  191  13:49  Baneling  
  191  13:50  Baneling x9  
  191  13:53  Zergling x12  
  197  14:01  Hatchery  
  179  14:11  Zergling x32  
  179  14:13  Hydralisk  
  179  14:16  Hydralisk  
  161  14:17  Zergling x4  
  161  14:19  Hydralisk  
  161  14:21  Corruptor  
  157  14:24  Hydralisk x3  
  157  14:26  Lurker x3  
  157  14:27  Zergling x2, Lurker  
  168  14:32  Zergling x10  
  168  14:35  Hydralisk x2  
  168  14:36  Hydralisk x2  
  168  14:37  Queen  
  168  14:38  Hydralisk x2  
  185  14:41  Hydralisk x2  
  185  14:44  Lurker  
  185  14:45  Lurker x2  
  194  14:48  Zerg Ground Armor Level 1, Hatchery  
  194  14:51  Hydralisk x3  
  194  14:52  Zergling x4  
  199  14:57  Lurker  
  197  15:08  Zergling x8  
  197  15:13  Lurker x2  
  198  15:22  Lurker  
  198  15:23  Lurker, Overseer  
  198  15:27  Greater Spire  
  190  15:40  Lurker x9  
  190  15:42  Zergling x26  
  200  15:45  Zergling x4  
  200  15:47  Zergling x8  
  198  15:54  Zergling x4  
  200  16:21  Extractor  
  200  16:22  Extractor  
  200  16:23  Zergling x20  
  200  16:24  Zergling x2  
  199  16:30  Zergling x36  
  190  16:33  Zergling x6, Hydralisk  
  190  16:34  Zergling x24  
  190  16:38  Hydralisk  
  190  16:39  Zergling x2  
  183  16:42  Zergling x6  
  183  16:45  Zerg Missile Weapons Level 3, Zerg Ground Armor Level 2  
  183  16:46  Hydralisk x4  
  176  16:52  Hydralisk x5  
  176  16:54  Zergling x6  
  189  17:00  Baneling x12  
  183  17:04  Zergling x26  
  180  17:16  Lurker x6  
  180  17:19  Zergling x30  
  180  17:22  Baneling x10  
  191  17:23  Zergling x6  
  191  17:25  Lurker  
  191  17:26  Lurker x4  
  191  17:28  Zergling x6  
  199  17:31  Spore Crawler, Spine Crawler  
  178  17:45  Hatchery  
  178  17:46  Hydralisk  
  178  17:47  Zergling x30  
  178  17:48  Zergling x4  
  193  17:52  Hydralisk x2  
  193  17:53  Zergling x8  
  199  18:04  Hydralisk x2  
  197  18:19  Lurker  
  195  18:20  Lurker x2  
  195  18:24  Zergling x4  
  199  18:38  Hydralisk  
  199  18:39  Zergling x44  
  199  18:40  Zergling x8, Hydralisk  
  188  18:41  Hydralisk x3  
  188  18:46  Hydralisk x2  
  188  18:47  Queen  
  177  18:49  Hydralisk x2  
  177  18:50  Hydralisk  
  177  18:51  Lurker  
  175  18:56  Hydralisk x2  
  175  18:57  Zergling x2, Hydralisk x3  
  175  18:58  Zergling x12  
  175  19:01  Hydralisk  
  168  19:16  Lurker x6, Corruptor x2  
  164  19:18  Brood Lord  
  162  19:27  Lurker  
  162  19:28  Corruptor x5  
  150  19:32  Zergling x32  
  150  19:35  Overlord  
  150  19:39  Overlord  
  150  19:42  Overlord  
  138  19:55  Brood Lord x2  
  138  19:58  Drone x3  
  118  20:01  Brood Lord x5  
  118  20:03  Drone x3  
  118  20:22  Zergling x10  
  118  20:23  Zergling x8  
  120  20:36  Zergling x4  
  120  20:37  Zergling x2  
  120  20:41  Zergling x6  
  117  20:49  Hatchery  
  116  20:54  Zergling x6  
  115  21:16  Corruptor x3